 Dungeon Crawl Stone Soup version 0.31-a0-142-g31f6795574 (webtiles) character file.

Game seed: 8819300196978829003

14 holysushi the Chopper (level 2, 22/22 HPs)
             Began as a Demonspawn Gladiator on June 4, 2023.
             Quit the game on level 1 of the Dungeon.
             The game lasted 00:00:22 (374 turns).

holysushi the Chopper (Demonspawn Gladiator)         Turns: 374, Time: 00:00:22

Health: 22/22      AC:  4    Str: 14    XL:     2   Next: 27%
Magic:  2/2        EV: 12    Int:  9    God:
Gold:   11         SH:  0    Dex: 14    Spells: 1/1 levels left

rFire   . . .        a - +0 war axe
rCold   . . .        (no shield)
rNeg    . . .        b - +0 leather armour
rPois   .            c - +0 helmet
rElec   .            (no cloak)
rCorr   .            (no gloves)
SInv    .            (no boots)
Will    .....        (no amulet)
Stlth   +            (no ring)
HPRegen 0.23/turn    (no ring)
MPRegen 0.08/turn

%: no passive effects
@: no status effects
A: demonic magic 1
a: no special abilities


You were on level 1 of the Dungeon.
You visited 1 branch of the dungeon, and saw 1 of its levels.

You collected 11 gold pieces.

Inventory:

Hand Weapons
 a - a +0 war axe (weapon)
Missiles
 d - 3 throwing nets (quivered)
 e - a javelin
Armour
 b - a +0 leather armour (worn)
 c - a +0 helmet (worn)
Scrolls
 f - a scroll of vulnerability {unknown}
Potions
 g - a potion of enlightenment {unknown}


   Skills:
 - Level 2.0 Fighting
 + Level 3.4 Axes
 - Level 1.7 Throwing
 - Level 2.6 Dodging


You had one spell level left.
You didn't know any spells.
Your spell library was empty.

Dungeon Overview and Level Annotations

Branches:
Dungeon (1/15) Zot: 5617

Altars:


Innate Abilities, Weirdness & Mutations

Spells you cast may paralyse adjacent enemies.


Message History

The goblin closely misses you.
The endoplasm quivers. x2
You slash the goblin!
You kill the goblin!
You have reached level 2!
Your demonic ancestry asserts itself...
A menacing aura infuses your magic. The hobgoblin attacks as you move away!
The hobgoblin hits you but does no damage.
Things that are here:
a +0 dagger; 3 stones You slash the hobgoblin!
You kill the hobgoblin!
The giant cockroach closely misses you. The giant cockroach bites you.
Things that are here:
a +0 dagger; 3 stones You barely miss the giant cockroach.
You barely miss the endoplasm. The endoplasm barely misses you.
The giant cockroach bites you but does no damage.
You hit the endoplasm.
The endoplasm is almost dead.
You slash the giant cockroach!
You kill the giant cockroach!
The endoplasm barely misses you. The endoplasm freezes you.
You are frozen.
The endoplasm hits you.
You slash the endoplasm!
You kill the endoplasm!
You hit the endoplasm.
You kill the endoplasm!
No target in view!
No target in view!
You now have 11 gold pieces.
g - a fizzy clear potion A goblin comes into view.
It is wielding a +0 club.
The goblin shouts!
A goblin is nearby!
A goblin is nearby!
Okay, then.
Are you sure you want to abandon this character and quit the game? (Confirm with "yes".)

...#.##.######...............#
####.##..............).......#
# #.##..#######.............#
# #.##..# #.............# #
#.#...# #.............#
#.#.#.# #.............# #.#.
.# #.............# #.## .#
#........ #.# #@.#.#.##
.....g.....#.# ########...# #
.#.# .#... .#...# .# ...# ..
#.#


You could see a goblin.

Vanquished Creatures
  A ball python (D:1)
  3 endoplasms (D:1)
  A giant cockroach (D:1)
  2 goblins (D:1)
  A hobgoblin (D:1)
  A bat (D:1)
  2 kobolds (D:1)
  2 rats (D:1)
13 creatures vanquished.

Notes
Turn   | Place    | Note
-------+----------+-------------------------------------------
     0 | D:1      | holysushi the Demonspawn Gladiator began the quest for the
                  | Orb.
     0 | D:1      | Reached XP level 1. HP: 16/16 MP: 1/1
   108 | D:1      | Reached skill level 3 in Axes
   280 | D:1      | Gained mutation: Spells you cast may paralyse adjacent
                  | enemies. [demonic ancestry]
   280 | D:1      | Reached XP level 2. HP: 22/22 MP: 2/2
   374 | D:1      | Quit the game

Illustrated notes

Levels and vault maps discovered:
D:1:      wander_arrival_abandoned_jail, layout_loops_ring

Skill      XL: |  1 |
---------------+----+-----
Axes           | 3 |  3.4
Fighting       | |  2.0
Throwing       | |  1.7
Dodging        | |  2.6

Action                     || total
---------------------------++-------
  Melee: War axe           ||    24
         Punch             ||     1
 Armour: Leather armour    ||     8
  Dodge: Dodged            ||    18

Table legend: (Time is in decaauts)
 A = Elapsed time spent in this place.
 B = Non-inter-level travel time spent in this place.
 C = Inter-level travel time spent in this place.
 D = Time resting spent in this place.
 E = Time spent auto-exploring this place.
 F = Levels seen in this place.
 G = Mean time per level.
                   A        B        C        D        E       F      G
               +--------+--------+--------+--------+--------+-----+--------+
         Total |    382 |    382 |      0 |      8 |    293 |   1 |  382.0 |
       Dungeon |    382 |    382 |      0 |      8 |    293 |   1 |  382.0 |
               +--------+--------+--------+--------+--------+-----+--------+

Top non-repeatable levels by time:
     D:1: 382 daAuts
